Map: King Sejong Station LE

Players

EZerg - Winner!

  • Race: Protoss Protoss
  • League: Master

Miszu

  • Race: Terran Terran
  • League: Master

VOD

Have the link to the VOD?

Description

Time

  • Played on: June 18, 2016, 1:35 p.m.
  • Length: 10:16
Show
View Real Time Build Order
Export as new Build Order

EZerg Protoss - Winner!

Build Orders: 1 Gate Expand 

Get SALT Encoding   

  12  0:01  Probe (Chrono Boost)  
  13  0:11  Probe (Chrono Boost)  
  14  0:17  Pylon  
  14  0:22  Probe (Chrono Boost)  
  16  0:35  Probe (Chrono Boost)  
  16  0:37  Gateway  
  16  0:46  Probe (Chrono Boost)  
  17  0:56  Probe (Chrono Boost)  
  18  1:07  Probe (Chrono Boost)  
  19  1:16  Nexus  
  19  1:19  Probe (Chrono Boost)  
  20  1:29  Cybernetics Core  
  20  1:39  Assimilator  
  20  1:40  Probe (Chrono Boost)  
  20  1:42  Assimilator  
  21  1:52  Pylon, Probe (Chrono Boost)  
  22  2:03  Pylon  
  22  2:04  Probe (Chrono Boost)  
  23  2:10  Adept (Chrono Boost)  
  23  2:15  Probe  
  26  2:21  Warp Gate (Chrono Boost)  
  26  2:27  Probe (Chrono Boost)  
  26  2:28  Probe (Chrono Boost)  
  28  2:38  Probe (Chrono Boost)  
  28  2:39  Probe (Chrono Boost)  
  30  2:47  Robotics Facility  
  30  2:49  Probe x2 (Chrono Boost)  
  32  2:54  Pylon  
  32  2:59  Mothership Core (Chrono Boost), Probe (Chrono Boost)  
  35  3:10  Probe (Chrono Boost)  
  36  3:13  Pylon  
  36  3:17  Probe  
  37  3:27  Probe  
  37  3:29  Probe  
  37  3:32  Gateway x2  
  39  3:41  Probe  
  38  3:42  Warp Prism (Chrono Boost), Probe  
  41  3:49  Robotics Bay  
  41  3:53  Probe  
  41  3:55  Probe  
  43  4:04  Assimilator  
  43  4:05  Probe  
  43  4:08  Assimilator  
  44  4:14  Observer (Chrono Boost)  
  44  4:16  Pylon  
  45  4:18  Probe  
  45  4:19  Forge  
  45  4:26  Probe  
  45  4:30  Probe  
  47  4:36  Disruptor (Chrono Boost)  
  47  4:37  Probe  
  50  4:39  Stalker, Zealot  
  50  4:40  Stalker  
  50  4:42  Probe  
  58  4:47  Probe  
  58  4:50  Pylon  
  58  4:52  Pylon  
  57  5:03  Protoss Ground Weapons Level 1 (Chrono Boost)  
  57  5:06  Stalker  
  59  5:07  Immortal  
  63  5:15  Probe  
  63  5:20  Adept x2, Probe  
  68  5:27  Probe  
  70  5:30  Probe  
  70  5:33  Adept  
  73  5:39  Probe  
  74  5:44  Gateway x2  
  74  5:50  Pylon  
  74  5:51  Immortal  
  76  6:06  Probe  
  71  6:13  Robotics Facility  
  71  6:15  Probe  
  71  6:16  Nexus, Pylon  
  72  6:25  Twilight Council  
  72  6:29  Disruptor  
  72  6:31  Stalker x2  
  79  6:38  Probe  
  80  6:44  Stalker  
  80  6:46  Probe  
  83  6:56  Blink (Chrono Boost)  
  83  6:57  Pylon  
  83  6:58  Protoss Ground Armor Level 1 (Chrono Boost)  
  83  6:59  Assimilator  
  87  7:01  Assimilator  
  87  7:02  Immortal (Chrono Boost)  
  87  7:15  Stalker x2  
  87  7:16  Adept x2  
  86  7:28  Probe  
  72  7:30  Probe  
  72  7:32  Disruptor (Chrono Boost)  
  69  7:38  Pylon, Probe  
  69  7:39  Probe  
  69  7:40  Stalker  
  69  7:41  Stalker  
  69  7:42  Pylon  
  75  7:47  Disruptor (Chrono Boost)  
  78  7:56  Probe  
  78  7:58  Stalker x3  
  83  8:04  Disruptor (Chrono Boost)  
  83  8:05  Probe  
  86  8:18  Stalker x2  
  87  8:26  Immortal (Chrono Boost)  
  91  8:27  Probe x2  
  91  8:30  Mothership Core  
  95  8:35  Immortal (Chrono Boost)  
  95  8:39  Pylon  
  99  8:47  Stalker x2  
  103  8:49  Stalker x3  
  103  8:52  Probe x2  
  111  9:06  Gateway  
  109  9:11  Probe  
  109  9:12  Probe  
  109  9:14  Probe  
  111  9:19  Stalker x4  
  111  9:20  Stalker  
  121  9:34  Disruptor x2 (Chrono Boost)  
  121  9:35  Probe x2  
  129  9:43  Stalker x2  
  133  9:50  Pylon x2  
Show
View Real Time Build Order
Export as new Build Order

Miszu Terran 

Build Orders: Cyclone Opening 

Get SALT Encoding   

  12  0:00  SCV  
  13  0:13  SCV  
  14  0:17  Supply Depot  
  14  0:25  SCV  
  15  0:39  SCV  
  15  0:40  Barracks  
  16  0:44  Refinery  
  16  0:51  SCV  
  17  1:06  SCV  
  18  1:19  SCV  
  19  1:28  Marine  
  19  1:31  Orbital Command  
  20  1:41  Command Center  
  20  1:51  Factory  
  20  1:57  SCV  
  21  2:02  Refinery  
  21  2:04  Barracks Reactor  
  21  2:09  SCV  
  22  2:22  SCV  
  23  2:35  Factory  
  23  2:37  Factory Tech Lab  
  23  2:51  Supply Depot  
  23  2:53  SCV  
  23  2:54  Orbital Command  
  28  2:59  Cyclone  
  28  3:05  SCV  
  29  3:17  SCV  
  30  3:21  SCV  
  30  3:26  Hellion  
  30  3:27  Hellion  
  35  3:29  SCV  
  35  3:31  Cyclone  
  35  3:33  SCV  
  40  3:41  SCV  
  40  3:45  SCV  
  40  3:48  Hellion x2  
  46  3:51  Supply Depot  
  46  3:56  Supply Depot  
  46  4:12  SCV  
  46  4:13  Hellion, Cyclone, SCV  
  46  4:14  Factory  
  54  4:18  Hellion  
  56  4:25  SCV  
  57  4:34  Hellion, SCV  
  57  4:35  Supply Depot x2  
  60  4:39  SCV  
  61  4:56  Hellion  
  63  5:01  Cyclone  
  63  5:02  Hellion x2, SCV  
  63  5:03  SCV  
  63  5:06  Supply Depot  
  73  5:07  Supply Depot  
  73  5:11  Armory  
  73  5:20  SCV x2  
  75  5:24  Hellion  
  75  5:28  Hellion x2  
  81  5:33  Cyclone  
  81  5:34  SCV  
  81  5:35  SCV  
  87  5:39  Command Center  
  87  5:41  Refinery  
  87  5:42  Supply Depot  
  87  5:46  Hellion  
  89  5:54  Hellion x2  
  93  6:12  Hellion, Cyclone, SCV  
  93  6:16  Hellion  
  102  6:23  Factory Tech Lab  
  102  6:24  SCV x2  
  102  6:25  Supply Depot  
  104  6:34  Terran Vehicle Weapons Level 1  
  104  6:36  SCV x2  
  106  6:43  Cyclone  
  110  6:48  SCV x2  
  110  6:49  Supply Depot  
  110  6:53  Orbital Command  
  111  7:00  SCV  
  112  7:01  Supply Depot, SCV  
  112  7:05  Refinery  
  112  7:08  Cyclone  
  117  7:11  Mag-Field Accelerator  
  111  7:25  Hellion  
  107  7:30  Cyclone  
  107  7:32  Hellion  
  115  7:44  Factory x2  
  115  7:45  SCV x3  
  115  7:49  Cyclone  
  120  7:56  Supply Depot  
  120  7:57  SCV  
  120  7:58  Supply Depot, SCV x2  
  123  8:00  Hellion x2  
  123  8:02  Cyclone  
  131  8:09  Hellion, SCV  
  131  8:10  SCV x2  
  94  8:22  Hellion  
  94  8:24  Hellion  
  94  8:25  Hellion  
  94  8:26  SCV x3  
  91  8:32  Factory Tech Lab  
  91  8:33  Factory Tech Lab  
  91  8:34  Cyclone  
  91  8:38  SCV x3  
  98  8:43  Cyclone  
  98  8:46  Hellion  
  104  8:51  Refinery  
  104  8:52  Cyclone  
  104  8:53  Refinery, Command Center  
  104  8:54  Hellion x2  
  112  9:00  SCV  
  112  9:01  SCV x2  
  115  9:07  Hellion, Cyclone  
  115  9:13  SCV  
  115  9:15  Cyclone  
  115  9:16  Hellion  
  116  9:18  Hellion  
  116  9:23  Supply Depot x2  
  118  9:24  Cyclone  
  118  9:29  Hellion  
  124  9:35  Factory  
  124  9:36  Factory  
  124  9:37  Hellion  
  126  9:40  Hellion  
  128  9:50  Hellion  
Tags
 
Add a new tag
Caveats
  • Supply blocks, unpowered buildings, or Contaminate may cause inaccurate times.
  • Supply counts are checked every 10 seconds.